 Dungeon Crawl Stone Soup version 0.24-a0-619-gb7544fd237 (webtiles) character file.

Game seed: 17135591027904100903, levelgen mode: deterministic

67 Oninnaise the Skirmisher (level 4, 0/57 HPs)
             Began as a Formicid Chaos Knight on Sept 18, 2019.
             Was a Plaything of Xom.
             Succumbed to Robin's poison
             ... on level 2 of the Dungeon.
             The game lasted 00:02:14 (1013 turns).

Oninnaise the Skirmisher (Formicid Chaos Knight)    Turns: 1013, Time: 00:02:15

Health: 0/57       AC: 22    Str: 17    XL:     4   Next: 38%
Magic:  4/4        EV:  2    Int: 12    God:    Xom [....*.]
Gold:   17         SH:  0    Dex: 10    Spells: 3/3 levels left

rFire    . . .     SeeInvis .   a - +0 mace (chaos)
rCold    . . .     Gourm    .   (no shield)
rNeg     + + +     Faith    .   (armour currently unavailable)
rPois    +         Spirit   .   (helmet unavailable)
rElec    .         Reflect  .   (cloak currently unavailable)
rCorr    .         Harm     .   (gloves currently unavailable)
MR       .....                  (boots currently unavailable)
Stlth    +.........             (no amulet)
HPRegen  0.19/turn              (no ring)
MPRegen  0.09/turn              (no ring)

@: lethally poisoned (0 -> -11), tree-form
A: permanent stasis, dig shafts and tunnels, four strong arms
a: Renounce Religion


You were on level 2 of the Dungeon.
You worshipped Xom.
You were a beloved toy of Xom.
You were not hungry.
You were a tree.
You visited 1 branch of the dungeon, and saw 2 of its levels.

You collected 17 gold pieces.

Inventory:

Hand Weapons
 a - a +0 mace of chaos (weapon)
Armour
 b - a +2 leather armour (melded)
Scrolls
 d - a scroll of identify {unknown}
 f - a scroll of random uselessness {unknown}
 h - a scroll of teleportation {unknown}
 i - a scroll of remove curse {unknown}
 j - a scroll of blinking {unknown}
Potions
 e - a potion of flight
 g - a potion of lignification


   Skills:
 + Level 4.4 Fighting
 - Level 3.0 Maces & Flails
 + Level 3.7 Armour
 - Level 0.8 Dodging


You had 3 spell levels left.
You didn't know any spells.
Your spell library was empty.

Dungeon Overview and Level Annotations

Branches:
Dungeon (2/15)

Altars:


Innate Abilities, Weirdness & Mutations

You cannot be hasted, slowed, berserked, paralysed or teleported.
You can dig through walls and to a lower floor.
Your four strong arms can wield two-handed weapons with a shield.
((You have a pair of large antennae on your head. (SInv)))


Message History

You hit Robin. You burn Robin.
You kill Robin!
* * * LOW HITPOINT WARNING * * *
You feel sick.
The goblin hits you but does no damage. x3
You hit the goblin.
The goblin is heavily wounded.
* * * LOW HITPOINT WARNING * * *
You feel sick.
The goblin no longer looks unusually strong.
The goblin hits you but does no damage. x2
You completely miss the goblin.
The goblin is heavily wounded.
* * * LOW HITPOINT WARNING * * *
You feel sick.
The goblin no longer looks unusually strong.
The goblin hits you but does no damage. x2
You sock the goblin!
You kill the goblin!
You die...
Xom thinks this is hilarious!

........ #.#
........ #.#
......#'##### #.#
....^.......######)#
#..)......))(.).#
#..÷(.....#######
#....%....#
#......)..#
#......♣..#
#[....).g##
#......>.#
.)..........#
......)...###
..(.......#
..........#
......##### ......


You could see a goblin.

Vanquished Creatures
  Robin (D:2)
  An ooze (D:1)
  A dart slug (D:1)
  A leopard gecko (D:2)
  2 giant cockroaches
  10 goblins
  5 hobgoblins
  6 jackals (D:1)
  4 kobolds
  A quokka (D:2)
  7 bats
  4 frilled lizards
  2 rats (D:1)
45 creatures vanquished.

Notes
Turn   | Place    | Note
-------+----------+-------------------------------------------
     0 | D:1      | Oninnaise the Formicid Chaos Knight began the quest for the
                  | Orb.
     0 | D:1      | Reached XP level 1. HP: 18/18 MP: 1/1
    31 | D:1      | Reached XP level 2. HP: 22/24 MP: 2/2
    43 | D:1      | XOM: silly message
   200 | D:1      | Reached XP level 3. HP: 25/30 MP: 3/3
   241 | D:1      | Reached skill level 4 in Fighting
   359 | D:1      | XOM: harmless Tloc miscast
   543 | D:1      | XOM: silly message
   791 | D:2      | Reached XP level 4. HP: 20/37 MP: 4/4
   990 | D:2      | XOM: divination: detect items
   997 | D:2      | Noticed Robin
  1010 | D:2      | Killed Robin
  1012 | D:2      | HP: 1/57 [poisoned by Robin]
  1013 | D:2      | Succumbed to Robin's poison

Levels and vault maps discovered:
D:1:      evilmike_arrival_hilbert_curve, layout_rooms, st_stairs_11,
          minmay_statues_item
D:2:      layout_basic, minmay_misc_feat_plants, uniq_robin

Skill      XL: |  1  2  3 |
---------------+----------+-----
Armour         | 3 |  3.7
Fighting       | 4 |  4.4
Maces & Flails | |  3.0
Dodging        | |  0.8

Action                   |  1- 3 |  4- 6 || total
-------------------------+-------+-------++-------
Melee: Mace              |   105 |    23 ||   128
  Use: Potion            |       |     2 ||     2
  Eat: Ration            |       |     1 ||     1
Armor: Leather armour    |    64 |     4 ||    68
       Skin              |       |    11 ||    11
Dodge: Dodged            |    92 |    15 ||   107

Table legend:
 A = Non-vault XP
 B = Vault XP
 C = Vault XP percentage of total XP
 D = Non-vault monster count
 E = Vault monster count
 F = Vault count percentage of total count
                 A         B        C        D         E       F
            +---------+---------+-------+---------+---------+-------
      Total |      60 |      36 |  37.5 |      33 |      12 |  26.7
            +---------+---------+-------+---------+---------+-------
        D:1 |      42 |       5 |  10.6 |      23 |       2 |   8.0
        D:2 |      18 |      31 |  63.3 |      10 |      10 |  50.0
            +---------+---------+-------+---------+---------+-------
